 Dungeon Crawl Stone Soup version 0.32-a0-306-gfed3edf829 (webtiles) character file.

Game seed: 10502811048133007539

100 oldriver the Conjurer (level 4, -1/32 HPs)
             Began as a Demonspawn Conjurer on Feb 15, 2024.
             Slain by an adder (4 damage)
             ... on level 3 of the Dungeon.
             The game lasted 00:02:29 (2529 turns).

oldriver the Conjurer (Demonspawn Conjurer)         Turns: 2529, Time: 00:02:29

Health: -1/32      AC:  3    Str:  7    XL:     4   Next: 46%
Magic:  1/8        EV: 11    Int: 20    God:
Gold:   151        SH:  4    Dex: 12    Spells: 6/9 levels left

rFire   . . .        c - staff of alchemy
rCold   + . .        l - +0 buckler
rNeg    . . .        m - +0 robe {rC+}
rPois   +            (helmet restricted)
rElec   .            (no cloak)
rCorr   .            n - +0 pair of gloves
SInv    .            (no boots)
Will    .....        (no amulet)
Stlth   ++           (no ring)
HPRegen 0.25/turn    (no ring)
MPRegen 0.11/turn

%: no passive effects
@: mighty, attractive, hasted, very quick
A: antennae 1, demonic guardian 1
a: no special abilities


You were on level 3 of the Dungeon.
You visited 1 branch of the dungeon, and saw 3 of its levels.

You collected 151 gold pieces.

Inventory:

Armour
 l - a +0 buckler (worn)
 m - a +0 robe of cold resistance (worn)
 n - a +0 pair of gloves (worn)
Magical Staves
 c - a staff of alchemy (weapon)
Scrolls
 d - 3 scrolls of identify {unknown}
 g - a scroll of revelation {unknown}
 h - a scroll of teleportation {unknown}
 i - a scroll of immolation {unknown}
 j - a scroll of noise {unknown}
 k - a scroll of fear {unknown}
Potions
 b - a potion of magic
 e - a potion of might


   Skills:
 + Level 1.3 Fighting
 + Level 2.3 Dodging
 + Level 2.4 Stealth
 + Level 0.3 Shields
 * Level 3.0 Spellcasting
 + Level 4.2 Conjurations


You had 6 spell levels left.
You knew the following spells:

 Your Spells              Type           Power      Damage    Failure   Level
a - Magic Dart            Conj           80%        1d7       4%          1
b - Searing Ray           Conj           40%        2d5       6%          2

Your spell library contained the following spells:

 Spells                   Type           Power      Damage    Failure   Level
 Fulminant Prism          Conj/Alch      8%         3d6       69%         4
 Iskenderun's Mystic Bla  Conj/Tloc      11%        2d4       69%         4


Dungeon Overview and Level Annotations

Branches:
Dungeon (3/15)

Altars:
Wu Jian


Innate Abilities, Weirdness & Mutations

You have a pair of small antennae on your head.
A weak demonic guardian rushes to your aid.


Message History

Your shadow imp disappears in a puff of smoke!
It was a potion of might.
You feel very mighty all of a sudden.
It was a potion of haste.
You feel yourself speed up.
Casting: Searing Ray (safe; 6% risk of failure)
Confirm with . or Enter, or press ? or * to list all spells.
You don't have enough magic to cast this spell.
Unknown command.
It was a potion of attraction.
You feel attractive to monsters.
Your magical contamination has completely faded away.
Casting: Searing Ray (safe; 6% risk of failure)
Confirm with . or Enter, or press ? or * to list all spells.
You don't have enough magic to cast this spell.
Casting: Searing Ray (safe; 6% risk of failure)
Confirm with . or Enter, or press ? or * to list all spells.
Aiming: Magic Dart (safe; 4% risk of failure)
Press: ? - help, Shift-Dir - straight line, f/p - sleepcap
Aim: a sleepcap (heavily damaged, 100% to hit)
The magic dart hits the sleepcap but does no damage.
The sleepcap is heavily damaged.
The sleepcap releases spores at you.
* * * LOW HITPOINT WARNING * * *
Okay, then.
The sleepcap attacks as it pursues you!
The sleepcap releases spores at you but does no damage.
The sleepcap is attracted toward you. The sleepcap is attracted toward you.
The sleepcap attacks as it pursues you!
The sleepcap releases spores at you but does no damage.
The sleepcap attacks as it pursues you! The sleepcap closely misses you.
An adder comes into view.
The adder hisses angrily.
The sleepcap is attracted toward you. The adder is attracted toward you.
The adder is attracted toward you. The adder barely misses you.
The adder attacks as it pursues you! You block the adder's attack.
The sleepcap is attracted toward you. The adder bites you.
You die...

..#...#.#
#§### .
##.##.# #...#
... ..# ###.#
### ### ####.#
#....#
####.##.###
#..f§.......
#.S§≈≈≈≈≈≈≈.
#@≈.......≈.#
+..≈.#####.≈.#
#.§..# .≈.#
#..≈.# .≈.#
##.≈.. #.≈.##
#.≈.. #.≈≈≈≈


You could see a sleepcap and an adder.

Vanquished Creatures
  3 adders (D:2)
  A dart slug (D:1)
  A ribbon worm (D:2)
  2 bats (D:1)
  4 endoplasms
  2 giant cockroaches (D:1)
  4 goblins
  A hobgoblin (D:1)
  3 jackals (D:2)
  3 quokkas
  5 ball pythons
  2 frilled lizards
  3 kobolds
  5 rats
39 creatures vanquished.

Notes
Turn   | Place    | Note
-------+----------+-------------------------------------------
     0 | D:1      | oldriver the Demonspawn Conjurer began the quest for the
                  | Orb.
     0 | D:1      | Reached XP level 1. HP: 13/13 MP: 3/3
   183 | D:1      | Gained mutation: A weak demonic guardian rushes to your
                  | aid. [demonic ancestry]
   183 | D:1      | Reached XP level 2. HP: 20/20 MP: 0/5
   720 | D:1      | Gained mutation: You have a pair of small antennae on your
                  | head. [demonic ancestry]
   720 | D:1      | Reached XP level 3. HP: 25/25 MP: 4/6
  1324 | D:2      | Found an ornate altar of the Wu Jian Council.
  1338 | D:2      | Reached skill level 1 in Fighting
  1632 | D:2      | Reached XP level 4. HP: 32/32 MP: 3/8
  1635 | D:2      | Learned a level 2 spell: Searing Ray
  2517 | D:3      | HP: 1/32 [sleepcap (6)]
  2529 | D:3      | Slain by an adder

Illustrated notes

Levels and vault maps discovered:
D:1:      matt_arrival_refuge, layout_basic
D:2:      layout_basic, basic_altar, columned_hall_lemuel
D:3:      layout_loops_corners, mainiacjoe_overflow_brackets,
          nicolae_vehumet_radiance, shapermc_ecumenical_altar_mp_highgroup

Skill      XL: |  1  2  3  4 |
---------------+-------------+-----
Stealth        | 2 |  2.4
Dodging        | 2 |  2.3
Fighting       | 1 |  1.3
Spellcasting   | 3 |  3.0
Shields        | |  0.3
Conjurations   | |  4.2

Action                     |  1- 3 |  4- 6 || total
---------------------------+-------+-------++-------
  Melee: Staff             |       |    20 ||    20
   Cast: Magic Dart        |    57 |    37 ||    94
         Searing Ray       |       |     1 ||     1
    Use: Potion            |       |     3 ||     3
 Armour: Robe              |       |    19 ||    19
  Dodge: Dodged            |       |    21 ||    21
  Block: Buckler           |       |     6 ||     6

Table legend: (Time is in decaauts)
 A = Elapsed time spent in this place.
 B = Non-inter-level travel time spent in this place.
 C = Inter-level travel time spent in this place.
 D = Time resting spent in this place.
 E = Time spent auto-exploring this place.
 F = Levels seen in this place.
 G = Mean time per level.
                   A        B        C        D        E       F      G
               +--------+--------+--------+--------+--------+-----+--------+
         Total |   2529 |   2431 |     98 |      0 |   2169 |   3 |  843.0 |
       Dungeon |   2529 |   2431 |     98 |      0 |   2169 |   3 |  843.0 |
               +--------+--------+--------+--------+--------+-----+--------+

Top non-repeatable levels by time:
     D:1: 1257 daAuts
     D:2: 1243 daAuts
     D:3: 28 daAuts
